 Dungeon Crawl Stone Soup version 0.30-a0-341-g682706514a (webtiles) character file.

Game seed: 12353098779253137981

135 ryw the Trooper (level 4, -5/39 HPs)
             Began as a Demonspawn Monk on Nov 2, 2022.
             Succumbed to a gnoll's poison
             ... on level 3 of the Dungeon.
             The game lasted 00:05:09 (2776 turns).

ryw the Trooper (Demonspawn Monk)                   Turns: 2776, Time: 00:05:10

Health: -5/39      AC:  7    Str: 13    XL:     4   Next: 97%
Magic:  3/3        EV: 11    Int: 12    God:
Gold:   114        SH:  0    Dex: 15    Spells: 3/3 levels left

rFire   . . .      SeeInvis .      - Unarmed
rCold   . . .      Faith    .    (no shield)
rNeg    . . .      Spirit   .    h - +0 scale mail
rPois   .          Reflect  .    e - +0 helmet
rElec   .          Harm     .    (no cloak)
rCorr   .          Rampage  .    (no gloves)
Will    .....                    (no boots)
Stlth   ..........               (no amulet)
HPRegen 0.26/turn                (no ring)
MPRegen 0.08/turn                (no ring)

@: confused, brilliant, lethally poisoned (-5 -> -53), ambrosia-drunk
A: sturdy frame 1, claws 1, low MP 1
a: no special abilities


You were on level 3 of the Dungeon.
You visited 1 branch of the dungeon, and saw 3 of its levels.

You collected 114 gold pieces.

Inventory:

Missiles
 o - 6 boomerangs (quivered)
 u - 2 poisoned darts
 w - 3 javelins
Armour
 e - a +0 helmet (worn)
 h - a +0 scale mail (worn)
 l - a +0 tower shield
Jewellery
 c - a ring of magical power
Scrolls
 a - a scroll of enchant weapon {unknown}
 d - a scroll of enchant armour {unknown}
 f - 5 scrolls of identify {unknown}
 g - 2 scrolls of noise {unknown}
 i - 2 scrolls of magic mapping {unknown}
 j - 2 scrolls of fear {unknown}
 k - a scroll of vulnerability {unknown}
 m - a scroll of poison {unknown}
Potions
 n - a potion of lignification {unknown}
 p - a potion of might {unknown}
 q - a potion of invisibility {unknown}
 r - a potion of curing {unknown}
 s - a potion of magic {unknown}
 t - a potion of mutation


   Skills:
 + Level 5.0 Fighting
 - Level 3.0 Dodging
 - Level 1.7 Stealth
 + Level 1.4 Shields
 - Level 3.0 Unarmed Combat


You had 3 spell levels left.
You didn't know any spells.
Your spell library was empty.

Dungeon Overview and Level Annotations

Branches:
Dungeon (3/15)

Altars:


Innate Abilities, Weirdness & Mutations

Your movements are slightly less encumbered by armour. (ER -2)
You have sharp fingernails.
Your magical capacity is low. (-10% MP)


Message History

You feel very sick. The adder bites you but does no damage.
The gnoll barely misses you.
Unknown command.
You closely miss the adder.
The adder is severely wounded.
You feel very sick. The adder barely misses you.
The gnoll hits you but does no damage.
You are lethally poisoned!
The adder closely misses you.
You completely miss the adder.
The adder is severely wounded.
You feel very sick. The adder bites you but does no damage.
The gnoll closely misses you.
Unknown command.
You hit the adder.
The adder is severely wounded.
You feel very sick. The adder bites you.
You are more poisoned.
The adder poisons you!
The gnoll hits you from afar with a +0 spear of venom.
You are more poisoned.
You are too confused!
Unknown command.
Unknown command.
It was a potion of mutation.
You feel extremely strange.
You feel less energetic.
Your fingernails lengthen.
* * * LOW HITPOINT WARNING * * *
You feel extremely sick. The adder bites you.
* * * LOW HITPOINT WARNING * * *
You are more poisoned.
The adder poisons you!
The gnoll hits you from afar with a +0 spear of venom.
* * * LOW HITPOINT WARNING * * *
You are more poisoned.
Unknown command.
It was a potion of brilliance.
You feel clever all of a sudden.
You die...

#.##### #.# ####.# #.#
#....# ####.# #.####
#....##### #.#
#.#......# ##.# #
##.###.# ...# ...# #.#
#### #######.# #####
.####..gS@.# .....
.......>#### ####
......#.# #.......#
#.....#'# ##
#............?. .#####
#..............
g.g..#######..........
####..# #....g.....


You could see a gnoll and an adder.

Vanquished Creatures
  An adder (D:2)
  3 gnolls
  4 worms
  4 dart slugs
  3 orcs (D:3)
  6 bats
  5 endoplasms
  2 giant cockroaches
  3 goblins
  9 hobgoblins
  3 jackals (D:3)
  8 quokkas
  6 ball pythons
  3 frilled lizards
  6 kobolds
  5 rats
71 creatures vanquished.

Vanquished Creatures (others)
  An endoplasm (D:1)
  A hobgoblin (D:1)
2 creatures vanquished.

Grand Total: 73 creatures vanquished

Notes
Turn   | Place    | Note
-------+----------+-------------------------------------------
     0 | D:1      | ryw the Demonspawn Monk began the quest for the Orb.
     0 | D:1      | Reached XP level 1. HP: 18/18 MP: 1/1
   111 | D:1      | Gained mutation: Your movements are slightly less
                  | encumbered by armour. (ER -2) [demonic ancestry]
   111 | D:1      | Reached XP level 2. HP: 24/24 MP: 2/2
   410 | D:1      | Reached skill level 4 in Fighting
   671 | D:1      | Reached XP level 3. HP: 30/30 MP: 3/3
  1527 | D:2      | Reached XP level 4. HP: 35/38 MP: 4/4
  1577 | D:2      | Found a faded altar of an unknown god.
  2338 | D:3      | Reached skill level 1 in Shields
  2610 | D:3      | Reached skill level 5 in Fighting
  2775 | D:3      | Gained mutation: Your magical capacity is low. (-10% MP)
                  | [potion of mutation]
  2775 | D:3      | Gained mutation: You have sharp fingernails. [potion of
                  | mutation]
  2775 | D:3      | HP: 1/39 [gnoll/+0 spear of venom (4)]
  2776 | D:3      | Succumbed to a gnoll's poison

Illustrated notes

Levels and vault maps discovered:
D:1:      shiori_shiawase, layout_loops_cross, lemuel_flame_loot_1
D:2:      layout_loops_ring, shapermc_ecumenical_altar_mp_ritualfount
D:3:      layout_basic, minmay_crystal_room, uniq_sigmund

Skill      XL: |  1  2  3  4 |
---------------+-------------+-----
Fighting       | 4 5 |  5.0
Dodging        | 3 |  3.0
Unarmed Combat | 3 |  3.0
Shields        | 1 |  1.4
Stealth        | |  1.7

Action                   |  1- 3 |  4- 6 || total
-------------------------+-------+-------++-------
Melee: Unarmed           |   245 |   146 ||   391
       Punch             |     7 |     2 ||     9
Throw: Boomerang         |       |     7 ||     7
  Use: Potion            |       |     3 ||     3
 Stab: Sleeping          |     1 |       ||     1
Armor: Robe              |    27 |       ||    27
       Scale mail        |    39 |    53 ||    92
Dodge: Dodged            |   135 |    78 ||   213

Table legend: (Time is in decaauts)
 A = Elapsed time spent in this place.
 B = Non-inter-level travel time spent in this place.
 C = Inter-level travel time spent in this place.
 D = Time resting spent in this place.
 E = Time spent auto-exploring this place.
 F = Levels seen in this place.
 G = Mean time per level.
                   A        B        C        D        E       F      G
               +--------+--------+--------+--------+--------+-----+--------+
         Total |   2758 |   2713 |     45 |    398 |   1598 |   3 |  919.3 |
       Dungeon |   2758 |   2713 |     45 |    398 |   1598 |   3 |  919.3 |
               +--------+--------+--------+--------+--------+-----+--------+

Top non-repeatable levels by time:
     D:2: 1119 daAuts
     D:1: 856 daAuts
     D:3: 782 daAuts
